AoeStats
← fat_dgk

Black Forest

507007077Analyzed
4v4 RM · 17d ago on Sep 16, 2026· 42m 43s· 8 players
Game mode
Random Map
Map size
Large (8 player)
Population
200
Speed
Normal
Resources
Standard
Victory
Conquest
Starting age
Dark Age
Ending age
Imperial Age
RankedLock teamsTeams togetherTeam positionsShared explorationLock speedFull tech treeHidden civsTurbo modeCheats
Victory
Defeat
🇨🇳 Slavs · China
1373
+11
🇭🇰 Mongols · Hong Kong SAR China
1308
+15
🇦🇷 Khmer · Argentina
1300
+14
🇨🇳 Teutons · China
1289
+14
🇦🇷 Bohemians · Argentina
1267
-14
🇲🇽 Burgundians · Mexico
1265
-14
🇨🇱 Dravidians · Chile
1260
-13
🇨🇦 Britons · Canada
1247
-13
cls
9:47 Feudal Age
8:03 Loom
10:19 Double-Bit Axe
10:16 Horse Collar
16:50 Castle Age
17:52 Forging
18:12 Bow Saw
18:04 Heavy Plow
18:53 Scale Barding Armor
18:39 Gold Mining
20:20 Gold Shaft Mining
19:58 Bloodlines
20:42 Gold Shaft Mining
19:56 Light Cavalry
20:14 Light Cavalry
24:26 Wheelbarrow
24:11 Stone Mining
25:14 Husbandry
25:04 Town Watch
27:21 Stone Shaft Mining
30:49 Iron Casting
30:35 Chain Barding Armor
32:13 Hand Cart
34:41 Imperial Age
36:00 Conscription
35:07 Elite Steppe Lancer
37:26 Blast Furnace
38:44 Fletching
虾米最小的最色
11:27 Feudal Age
14:26 Castle Age
12:21 Double-Bit Axe
12:51 Horse Collar
22:26 Heavy Plow
24:31 Wheelbarrow
24:19 Bow Saw
25:00 Gold Mining
25:35 Loom
28:53 Imperial Age
27:54 Gold Shaft Mining
27:14 Stone Mining
28:49 Hand Cart
29:50 Forging
29:46 Scale Barding Armor
29:08 Elite Battle Elephant
29:49 Husbandry
30:02 Bloodlines
31:01 Crop Rotation
31:00 Conscription
31:53 Iron Casting
32:09 Chain Barding Armor
34:17 Blast Furnace
33:57 Plate Barding Armor
34:42 Stone Shaft Mining
35:30 Tusk Swords
38:02 Coinage
39:21 Banking
JieX
0:29 Loom
9:37 Feudal Age
16:49 Gold Mining
18:40 Fletching
20:07 Horse Collar
22:39 Double-Bit Axe
29:19 Castle Age
32:19 Bodkin Arrow
34:44 Bow Saw
36:15 Padded Archer Armor
37:23 Scale Mail Armor
37:34 Forging
38:40 Heavy Plow
45:31 Imperial Age
43:45 Wheelbarrow
297539664
1:45 Loom
12:11 Feudal Age
16:16 Castle Age
14:58 Double-Bit Axe
15:09 Horse Collar
17:41 Bow Saw
30:35 Heavy Plow
33:10 Gold Mining
34:36 Gold Shaft Mining
37:47 Imperial Age
35:53 Wheelbarrow
36:05 Scale Mail Armor
36:16 Forging
35:59 Pikeman
36:39 Squires
37:06 Chain Mail Armor
37:50 Halberdier
39:02 Hand Cart
39:54 Two-Man Saw
39:14 Druzhina
40:37 Capped Ram
41:33 Siege Ram
42:40 Man-at-Arms
fat_dgk
11:05 Feudal Age
15:08 Castle Age
14:04 Double-Bit Axe
15:45 Loom
28:40 Wheelbarrow
34:21 Imperial Age
31:54 Horse Collar
32:52 Heavy Plow
33:32 Fletching
34:20 Bodkin Arrow
35:17 Bracer
37:32 Padded Archer Armor
39:50 Ballistics
41:02 Chemistry
Matias_Aoe
7:43 Loom
11:53 Feudal Age
16:03 Castle Age
14:20 Double-Bit Axe
14:34 Horse Collar
17:03 Bow Saw
19:16 Wheelbarrow
20:12 Redemption
21:27 Sanctity
21:40 Town Watch
24:01 Heavy Plow
26:05 Fervor
33:20 Imperial Age
31:09 Hand Cart
34:12 Chemistry
33:27 Atonement
34:47 Block Printing
37:23 Illumination
37:37 Theocracy
37:37 Bombard Tower
38:18 Fletching
39:58 Bodkin Arrow
[GDL] R_Oak
5:38 Double-Bit Axe
8:15 Loom
12:57 Feudal Age
12:56 Horse Collar
14:34 Bow Saw
16:55 Castle Age
15:03 Heavy Plow
19:55 Two-Man Saw
22:55 Wheelbarrow
25:46 Gold Mining
25:46 Stone Mining
28:05 Hand Cart
28:34 Gold Shaft Mining
28:33 Crop Rotation
28:31 Scale Barding Armor
28:36 Forging
31:12 Imperial Age
28:58 Burgundian Vineyards
28:47 Town Watch
30:34 Chain Barding Armor
30:50 Iron Casting
29:38 Cavalier
30:37 Husbandry
31:13 Paladin
32:57 Chemistry
32:42 Plate Barding Armor
33:42 Blast Furnace
34:51 Ballistics
35:15 Scale Mail Armor
35:17 Squires
35:03 Arson
36:39 Chain Mail Armor
36:48 Conscription
36:46 Pikeman
37:59 Plate Mail Armor
37:50 Halberdier
40:41 Man-at-Arms
will_evans
1:15 Loom
11:55 Feudal Age
22:13 Fletching
24:46 Wheelbarrow
30:09 Castle Age
29:08 Padded Archer Armor
31:01 Bodkin Arrow
32:26 Horse Collar
33:26 Hand Cart
32:57 Town Watch
33:17 Heavy Plow
38:50 Ballistics
Connection lost

Rejoining the realm…

Still unreachable

The connection could not be restored.

Session expired

The server has moved on; the page needs a fresh start.